cohdb
Replays
Latest Replays
All Replays
Popular Replays
Top Player Replays
Match Explorer
How It Works
Community
CoH3 Stats
Reddit
Sign in to upload your games and track your stats! →
Sign in with Steam
Match 44171468
Unlisted
Match 44171468
Overview
Messages
Build Orders
End
Selects Italian Infantry
Panzergrenadier Squad
250 Light Carrier
Panzergrenadier Squad
Construct Light Support Kompanie
Fire Support Elements
Pak 38 Anti-tank Gun Team
Construct Mechanized Kompanie
Construct Mechanized Kompanie
le.IG 18 Mechanized Group
Selects Guastatori Squad
Marder III Tank Destroyer
Evil
rat.tat
WilMax
Artamoule
Bish Bash Bosh
🅲🅾🅾🅺🅴🅳
Mace
Humbarwhy
0
0
Comments
sign in to comment!
No comments posted yet!